 Dungeon Crawl Stone Soup version 0.28.0-45-g0d030f2227 (webtiles) character file.

Game seed: 10307482368949824029

41 NinjaNoafa the Insei (level 3, -6/27 HPs)
             Began as a Djinni Transmuter on Apr 19, 2022.
             Mangled by a hobgoblin
             ... wielding a +0 hand axe
              (8 damage)
             ... on level 2 of the Dungeon.
             The game lasted 00:05:15 (1702 turns).

NinjaNoafa the Insei (Djinni Transmuter)            Turns: 1702, Time: 00:05:17

Health: -6/27      AC:  2    Str:  8 (9)  XL:     3   Next: 75%
Gold:   66         EV: 12    Int: 15 (16) God:
                   SH:  0    Dex: 10 (13)

rFire   + + .      SeeInvis .     - Unarmed
rCold   x . .      Faith    .   (no shield)
rNeg    . . .      Spirit   .   a - +0 robe
rPois   ∞          Reflect  .   (helmet currently unavailable)
rElec   .          Harm     .   (no cloak)
rCorr   .          Rampage  .   (no gloves)
Will    .....                   (boots unavailable)
Stlth   +.........              (no amulet)
HPRegen 0.09/turn               (no ring)
MPRegen 0.00/turn               (no ring)

@: appendages, flying, very slightly contaminated
A: horns 2, flying, sickness immunity, fire resistance 2, cold vulnerability 1,
float, innate caster, HP casting, extra vitality 1
a: End Transformation


You were on level 2 of the Dungeon.
You had temporarily grown beastly horns.
You visited 1 branch of the dungeon, and saw 2 of its levels.

You collected 66 gold pieces.

Inventory:

Hand Weapons
 c - a +0 dagger
Missiles
 b - 65 stones
 e - 4 poisoned darts
Armour
 a - a +0 robe (worn)
Scrolls
 d - a scroll of teleportation
 f - a scroll of summoning {unknown}
 g - a scroll of magic mapping {unknown}
 h - a scroll of enchant armour {unknown}


   Skills:
 + Level 1.6 Fighting
 + Level 2.6 Dodging
 + Level 3.3 Unarmed Combat
 * Level 2.2 Spellcasting


You couldn't memorise any spells.
You knew the following spells:

 Your Spells              Type           Power      Damage    Failure   Level
a - Beastly Appendage     Tmut           16%        N/A       9%          1
b - Wereblood             Tmut           8%         N/A       13%         2
c - Spider Form           Tmut/Pois      8%         N/A       26%         3
d - Ice Form              Ice/Tmut       8%         N/A       65%         4
e - Foxfire               Conj/Fire      32%        2x1d5     9%          1
Your spell library was empty.

Dungeon Overview and Level Annotations

Branches:
Dungeon (2/15)

Altars:


Innate Abilities, Weirdness & Mutations

You have temporarily grown beastly horns.
You are flying.
You are immune to sickness and miasma.
You are immune to poison.
Your flesh is very heat resistant. (rF++)
You are vulnerable to cold. (rC-)
You float through the air rather than walking.
You learn spells naturally, not from books.
Your magical power is your life essence.
You have superior vitality. (+4 MHP)


Message History

The endoplasm freezes you.
You are frozen.
You feel a terrible chill!
You hit the endoplasm.
The endoplasm is heavily wounded.
The hobgoblin hits you with a +0 hand axe.
You closely miss the hobgoblin.
The hobgoblin is severely wounded.
The endoplasm freezes you.
You are frozen.
* * * LOW HITPOINT WARNING * * *
The hobgoblin closely misses you.
You hit the endoplasm but do no damage.
The endoplasm is heavily wounded.
The endoplasm closely misses you. The hobgoblin barely misses you.
Found 12 gold pieces.
Casting: Foxfire (safe; 9% risk of failure)
Confirm with . or Enter, or press ? or * to list all spells.
You grow a pair of large bovine horns.
* * * LOW HITPOINT WARNING * * *
The endoplasm hits you.
* * * LOW HITPOINT WARNING * * *
Casting: Beastly Appendage (safe; 9% risk of failure)
Confirm with . or Enter, or press ? or * to list all spells.
You miscast Foxfire.
You are very lightly contaminated with residual magic.
Nothing appears to happen.
* * * LOW HITPOINT WARNING * * *
The endoplasm freezes you.
You are frozen.
You feel a terrible chill!
* * * LOW HITPOINT WARNING * * *
You barely miss the endoplasm.
The endoplasm is moderately wounded.
The endoplasm closely misses you. The hobgoblin barely misses you.
You barely miss the hobgoblin.
The hobgoblin is severely wounded.
The endoplasm freezes you.
You are frozen.
* * * LOW HITPOINT WARNING * * *
The hobgoblin hits you with a +0 hand axe!
You die...

.$##### #
.....# ♣##.
.....+
....##....#
..........
♣........#
.........#
#....@.# #...
#...gJg#
...#...
#####.##
#....#.. #.#
#.....# #.#
....... . #.#
##...# ..
#.####....##.#.
#...g.g..#.....
######.......#.


You could see an endoplasm, a hobgoblin and a goblin.

Vanquished Creatures
  An adder (D:2)
  2 dart slugs (D:1)
  A ball python (D:1)
  2 bats
  An endoplasm (D:1)
  2 giant cockroaches
  4 hobgoblins
  8 kobolds
  A quokka (D:2)
  A frilled lizard (D:1)
  4 rats (D:1)
27 creatures vanquished.

Vanquished Creatures (others)
  11 foxfires
11 creatures vanquished.

Grand Total: 38 creatures vanquished

Notes
Turn   | Place    | Note
-------+----------+-------------------------------------------
     0 | D:1      | NinjaNoafa the Djinni Transmuter began the quest for the
                  | Orb.
     0 | D:1      | Reached XP level 1. HP: 17/17 MP: 0/0
   102 | D:1      | Reached XP level 2. HP: 9/22 MP: 0/0
   897 | D:1      | Reached XP level 3. HP: 22/27 MP: 0/0
   897 | D:1      | Learned a level 1 spell: Foxfire
  1269 | D:2      | HP: 1/27 [giant cockroach (1)]
  1702 | D:2      | Mangled by a hobgoblin

Illustrated notes

Levels and vault maps discovered:
D:1:      saegor_arrival_simple_a, layout_loops_ring
D:2:      layout_basic, serial_shops, nicolae_shop_stone, minmay_crystal_room,
          hangedman_decor_opposing, uniq_crazy_yiuf_cottage

Skill      XL: |  1  2 |
---------------+-------+-----
Spellcasting   | 2 |  2.2
Fighting       | |  1.6
Dodging        | |  2.6
Unarmed Combat | |  3.3

Action                   || total
-------------------------++-------
Melee: Unarmed           ||    75
       Headbutt          ||    14
       Punch             ||     2
       Dagger            ||     9
 Cast: Beastly Appendage ||    13
       Foxfire           ||     7
  Use: Scroll            ||     2
       Potion            ||     2
Armor: Robe              ||    11
Dodge: Dodged            ||    55
